 Dungeon Sprint DCSS version 0.30-a0-241-g1121274140 (webtiles) character file.

Game seed: 16601526602262677457

1316 hellse the Zephyrmancer (level 8, -9/41 HPs)
             Began as a Tengu Air Elementalist on Oct 10, 2022.
             Was a High Priest of Vehumet.
             Mangled by a flying skull (13 damage)
             ... in the Dungeon (Sprint VII: "The Pits").
             The game lasted 00:03:19 (830 turns).

hellse the Zephyrmancer (Tengu Air Elementalist)     Turns: 830, Time: 00:03:20

Health: -9/41      AC:  2    Str:  9    XL:     8   Next: 59%
Magic:  4/23       EV: 14    Int: 17    God:    Vehumet [*****.]
Gold:   0          SH:  0    Dex: 15    Spells: 18/27 levels left

rFire   . . .      SeeInvis .    (no weapon)
rCold   . . .      Faith    .    (no shield)
rNeg    . . .      Spirit   .    a - +0 robe
rPois   .          Reflect  .    (helmet restricted)
rElec   .          Harm     .    (no cloak)
rCorr   .          Rampage  .    (no gloves)
Will    .....      NoTele   +    (boots unavailable)
Stlth   ++........               (no amulet)
HPRegen 0.26/turn                (no ring)
MPRegen 0.18/turn                (no ring)

@: flying quickly and evasively, quick
A: beak, talons 3, nimble flight
a: Renounce Religion


You were in the Dungeon.
You worshipped Vehumet.
Vehumet was extremely pleased with you.
You visited 1 branch

Inventory:

Hand Weapons
 k - a +1 whip of electrocution
Armour
 a - a +0 robe (worn)
Scrolls
 i - 5 scrolls of amnesia
 j - a scroll of summoning
Potions
 b - 4 potions of magic
 c - 5 potions of curing
 e - a potion of haste
 f - 3 potions of berserk rage
 h - 2 potions of invisibility


   Skills:
 - Level 2.1 Dodging
 - Level 2.0 Stealth
 + Level 10.1 Spellcasting
 + Level 13.8 Conjurations
 + Level 14.3 Air Magic


You had 18 spell levels left.
You knew the following spells:

 Your Spells              Type           Power      Damage    Failure   Level
a - Shock                 Conj/Air       100%       1d9       1%          1
b - Static Discharge      Conj/Air       100%       2-7/arc   1%          2
c - Searing Ray           Conj           100%       2d8       1%          2
d - Airstrike             Air            27%        2d(4-20)  1%          4

Your spell library contained the following spells:

 Spells                   Type           Power      Damage    Failure   Level
 Kindle Blastsparks       Fire/Tloc/Air  48%        2d14      1%          3
 Swiftness                Air            55%        N/A       1%          3


Dungeon Overview and Level Annotations

Branches:
Dungeon (1/1)

Altars:
Ashenzari
Cheibriados
Dithmenos
Elyvilon
Fedhas
Gozag
Hepliaklqana
Kikubaaqudgha
Makhleb
Nemelex Xobeh
Okawaru
Qazlal
Ru
Sif Muna
Trog
Uskayaw
Vehumet
Wu Jian
Xom
Yredelemnul
Zin
The Shining One
Jiyva
Lugonu


Innate Abilities, Weirdness & Mutations

You have a beak for a mouth.
You have claws for feet.
Your magical nature lets you fly swiftly and evasively.


Message History

The flying skull hits you! The flying skull barely misses you.
Casting: Searing Ray (safe; 1% risk of failure)
Confirm with . or Enter, or press ? or * to list all spells.
Aiming: Airstrike (safe; 1% risk of failure)
Press: ? - help, Dir - move target, f/p - flying skull
Aim: a flying skull (heavily damaged, empty space bonus: 1/8)
The air twists around and strikes the flying skull but does no damage.
The flying skull closely misses you.
Unknown command.
Unknown command.
Unknown command.
Casting: Airstrike (safe; 1% risk of failure)
Confirm with . or Enter, or press ? or * to list all spells.
Aiming: Airstrike (safe; 1% risk of failure)
Press: ? - help, Dir - move target, f/p - flying skull
Aim: a flying skull (heavily damaged, empty space bonus: 1/8)
The air twists around and strikes the flying skull.
The flying skull is heavily damaged.
The flying skull closely misses you. The flying skull hits you!
* * * LOW HITPOINT WARNING * * *
Unknown command.
Casting: Airstrike (safe; 1% risk of failure)
Confirm with . or Enter, or press ? or * to list all spells.
Aiming: Airstrike (safe; 1% risk of failure)
Press: ? - help, Dir - move target, f/p - flying skull
Aim: a flying skull (heavily damaged, empty space bonus: 1/8)
The air twists around and strikes the flying skull.
The flying skull is almost destroyed.
The flying skull hits you.
* * * LOW HITPOINT WARNING * * *
Unknown command.
Unknown command.
Casting: Airstrike (safe; 1% risk of failure)
Confirm with . or Enter, or press ? or * to list all spells.
Aiming: Airstrike (safe; 1% risk of failure)
Press: ? - help, Dir - move target, f/p - flying skull
Aim: a flying skull (almost destroyed, empty space bonus: 1/8)
The air twists around and strikes the flying skull but does no damage.
The flying skull hits you!
You die...

#.#....†...##.......#
#.#####'#####...<...#
#[#..[)))..##.......#
#.#..[)))..##.......#
#'###########.......#
#.†#.#.##.. #########
#.......#†#
##.#.#.##z#
#.......#@#
##.#.#.##.+
#.......#'#
##.#.#..'.#
##########


You could see a flying skull.

Vanquished Creatures
  A sea snake (D)
  Pikel (D)
  A sky beast (D)
  A phantom (D)
  A bullfrog (D)
  A quasit (D)
  An iguana (D)
  2 adders (D)
  A river rat (D)
  An orc (D)
  3 hobgoblins (D)
  5 jackals (D)
  A ball python skeleton (D)
  A ball python zombie (D)
  A frilled lizard (D)
  2 rats (D)
24 creatures vanquished.

Notes
Turn   | Place    | Note
-------+----------+-------------------------------------------
     0 | D        | hellse the Tengu Air Elementalist began the quest for the
                  | Orb.
     0 | D        | Reached XP level 1. HP: 10/10 MP: 4/4
    26 | D        | Reached skill level 5 in Air Magic
    26 | D        | Reached XP level 2. HP: 8/15 MP: 0/6
    91 | D        | Learned a level 2 spell: Static Discharge
   115 | D        | Found a glowing golden altar of the Shining One.
   115 | D        | Found a glowing silver altar of Zin.
   115 | D        | Found a basalt altar of Yredelemnul.
   115 | D        | Found a shimmering altar of Xom.
   115 | D        | Found an ornate altar of the Wu Jian Council.
   115 | D        | Found a bloodstained altar of Trog.
   115 | D        | Found a shimmering blue altar of Sif Muna.
   115 | D        | Found a sacrificial altar of Ru.
   115 | D        | Found a stormy altar of Qazlal.
   115 | D        | Found an iron altar of Okawaru.
   115 | D        | Found a sparkling altar of Nemelex Xobeh.
   115 | D        | Found a burning altar of Makhleb.
   115 | D        | Found a viscous altar of Jiyva.
   115 | D        | Found a hazy altar of Hepliaklqana.
   115 | D        | Found an opulent altar of Gozag.
   115 | D        | Found a blossoming altar of Fedhas.
   115 | D        | Found a white marble altar of Elyvilon.
   115 | D        | Found a shadowy altar of Dithmenos.
   115 | D        | Found a snail-covered altar of Cheibriados.
   116 | D        | Found a radiant altar of Vehumet.
   116 | D        | Found a corrupted altar of Lugonu.
   117 | D        | Found a hide-covered altar of Uskayaw.
   117 | D        | Found an ancient bone altar of Kikubaaqudgha.
   117 | D        | Found a broken altar of Ashenzari.
   124 | D        | Became a worshipper of Vehumet
   214 | D        | Reached * piety under Vehumet
   214 | D        | Offered knowledge of Freeze by Vehumet.
   255 | D        | Reached ** piety under Vehumet
   256 | D        | Reached skill level 6 in Air Magic
   256 | D        | Reached XP level 3. HP: 17/19 MP: 7/9
   258 | D        | Reached *** piety under Vehumet
   361 | D        | Noticed a lemure
   361 | D        | Noticed a lemure
   361 | D        | Noticed a lemure
   361 | D        | Noticed a lemure
   361 | D        | Noticed a phantom
   362 | D        | Noticed Pikel
   371 | D        | Reached skill level 5 in Conjurations
   371 | D        | Reached XP level 4. HP: 23/24 MP: 6/11
   373 | D        | Offered knowledge of Searing Ray by Vehumet.
   373 | D        | Reached **** piety under Vehumet
   374 | D        | Reached skill level 7 in Air Magic
   376 | D        | Killed Pikel
   377 | D        | Reached skill level 12 in Air Magic
   377 | D        | Gained mutation: Your magical nature lets you fly swiftly
                  | and evasively. [Tengu growth]
   377 | D        | Reached XP level 5. HP: 21/28 MP: 2/16
   377 | D        | Reached XP level 6. HP: 24/32 MP: 2/18
   377 | D        | Reached XP level 7. HP: 27/36 MP: 2/19
   387 | D        | Learned a level 2 spell: Searing Ray
   480 | D        | Learned a level 4 spell: Airstrike
   487 | D        | Offered knowledge of Ignite Poison by Vehumet.
   488 | D        | Reached ***** piety under Vehumet
   580 | D        | Noticed a sea snake
   709 | D        | Killed a sea snake
   709 | D        | Offered knowledge of Kindle Blastsparks by Vehumet.
   710 | D        | Reached skill level 10 in Spellcasting
   710 | D        | Reached skill level 14 in Air Magic
   710 | D        | Reached XP level 8. HP: 19/41 MP: 16/23
   817 | D        | Noticed a flying skull
   830 | D        | Mangled by a flying skull

Illustrated notes

Levels and vault maps discovered:
D:        pitsprint [storerooms_1, entrance_room_1, metal_vault_2, armoury_3,
          mini_pit_1, grid_room_1, main_hall_1, silver_pit, the_coven_1,
          the_vestibule_1, steel_vault_2, golden_pit, hallway_of_sentries,
          crystal_vault_3, iron_vault_3, final_vault]

Skill      XL: |  1  2  3  4  5  6  7 |
---------------+----------------------+-----
Conjurations   | 3 4 5 11 13 | 13.8
Air Magic      | 5 6 12 14 | 14.3
Spellcasting   | 3 4 8 10 | 10.1
Dodging        | |  2.1
Stealth        | |  2.0

Action                   |  1- 3 |  4- 6 |  7- 9 || total
-------------------------+-------+-------+-------++-------
Melee: Unarmed           |     5 |       |       ||     5
       Kick              |     1 |       |       ||     1
 Cast: Shock             |    11 |     6 |    12 ||    29
       Static Discharge  |    10 |       |       ||    10
       Airstrike         |       |       |    18 ||    18
       Searing Ray       |       |       |     1 ||     1
  Use: Potion            |       |       |     8 ||     8
       Scroll            |       |       |     1 ||     1
Armor: Robe              |     5 |     1 |     2 ||     8
Dodge: Dodged            |    25 |     1 |    15 ||    41

Table legend: (Time is in decaauts)
 A = Elapsed time spent in this place.
 B = Non-inter-level travel time spent in this place.
 C = Inter-level travel time spent in this place.
 D = Time resting spent in this place.
 E = Time spent auto-exploring this place.
 F = Levels seen in this place.
 G = Mean time per level.
                   A        B        C        D        E       F      G
               +--------+--------+--------+--------+--------+-----+--------+
         Total |    816 |    755 |     61 |    481 |      0 |   1 |  816.0 |
       Dungeon |    816 |    755 |     61 |    481 |      0 |   1 |  816.0 |
               +--------+--------+--------+--------+--------+-----+--------+

Top non-repeatable levels by time:
       D: 816 daAuts
